 Dungeon Crawl Stone Soup version 0.28-a0-804-g60983d4ba9 (webtiles) character file.

Game seed: 13209541527680665523

3704 cheechan the Covered (level 10, -2/91 HPs)
             Began as a Naga Fighter on Nov 8, 2021.
             Was a Follower of Okawaru.
             Slain by a seven-headed hydra (3 damage)
             ... on level 8 of the Dungeon.
             The game lasted 00:41:57 (9017 turns).

cheechan the Covered (Naga Fighter)                 Turns: 9017, Time: 00:41:57

Health: -2/91      AC: 11    Str: 21    XL:     10   Next: 14%
Magic:  10/10      EV:  9    Int:  8    God:    Okawaru [*.....]
Gold:   240        SH:  7    Dex: 12    Spells: 9/9 levels left

rFire   + . .      SeeInvis +   x - +9 whip
rCold   . . .      Faith    .   c - +2 buckler
rNeg    . . .      Spirit   .   y - +2 scale mail
rPois   +          Reflect  .   h - +0 helmet
rElec   .          Harm     .   (no cloak)
rCorr   .          Rampage  .   (no gloves)
Will    +....      Rage     1%  (no barding)
Stlth   +.........              u - amulet of magic regeneration
HPRegen 0.25/turn               e - ring of protection from fire
MPRegen 0.37/turn               C - ring of flight

@: flying, very slightly contaminated, invisible, very slow
A: AC +3, large, see invisible, deformed body, poison resistance, slowness 2,
spit poison 1, naga tail 1, stinger 1, berserk 1, sturdy frame 1, devolution 1
a: Spit Poison, Renounce Religion, Heroism


You were on level 8 of the Dungeon.
You worshipped Okawaru.
Okawaru was aware of your devotion.
You visited 2 branches of the dungeon, and saw 9 of its levels.
You also visited: Sewer.

You collected 328 gold pieces.
You spent 88 gold pieces at shops.

Inventory:

Hand Weapons
 a - a +0 vampiric war axe
 o - a +8 spear of flaming
 x - a +9 whip (weapon)
 z - a +0 executioner's axe
Missiles
 g - 44 sling bullets
 k - 42 bolts
 m - 187 arrows
 q - 2 curare-tipped darts
Armour
 c - a +2 buckler (worn)
 h - a +0 helmet (worn)
 y - a +2 scale mail (worn)
Jewellery
 e - a ring of protection from fire (left hand)
 u - an amulet of magic regeneration (around neck)
 A - a ring of magical power
 C - a ring of flight (right hand)
 D - a ring of fire
Wands
 p - a wand of charming (9)
 t - a wand of acid (9)
 w - a wand of polymorph (14)
Scrolls
 n - a scroll of teleportation
 E - a scroll of amnesia
Potions
 d - a potion of might
 f - a potion of attraction
 i - 2 potions of lignification
 j - 2 potions of haste
 r - 3 potions of heal wounds
 s - a potion of flight
 v - a potion of resistance
 B - a potion of curing


   Skills:
 + Level 6.2 Fighting
 + Level 3.7(6.3) Axes
 + Level 5.2(5.8) Maces & Flails
 + Level 5.7(6.2) Polearms
 + Level 6.5 Armour
 + Level 2.9 Dodging
 + Level 3.7 Stealth
 + Level 4.8 Shields


You had 9 spell levels left.
You didn't know any spells.
Your spell library contained the following spells:

 Spells                   Type           Power      Damage    Failure   Level
 Passwall                 Tmut/Erth      0%         N/A       75%         2
 Dazzling Flash           Conj/Hex       0%         N/A       93%         3
 Swiftness                Air            0%         N/A       93%         3
 Iskenderun's Mystic Bla  Conj/Tloc      0%         2d3       100%        4
 Invisibility             Hex            0%         N/A       100%        6
 Starburst                Conj/Fire      0%         6d3       100%        6


Dungeon Overview and Level Annotations

Branches:
Dungeon (8/15)             Temple (1/1) D:6           Sewer (visited)
   Lair: D:8-11

Altars:
Ashenzari
Cheibriados
Dithmenos
Elyvilon
Fedhas
Gozag
Hepliaklqana
Kikubaaqudgha
Makhleb
Nemelex Xobeh
Okawaru
Qazlal
Ru
Sif Muna
Trog
Uskayaw
Vehumet
Wu Jian
Xom
Yredelemnul
Zin
The Shining One
Beogh

Shops:
D:4 [   D:7 *   D:8 [=


Innate Abilities, Weirdness & Mutations

Your serpentine skin is tough. (AC +3)
You have supernaturally acute eyesight. (SInv)
Armour fits poorly on your strangely shaped body.
Your system is resistant to poisons. (rPois)
You cover ground very slowly.
You can spit poison.
You have a snake-like lower body.
Your tail ends in a venomous barb.
You tend to lose your temper in combat.
Your movements are slightly less encumbered by armour. (ER -2)
You have hidden genetic defects.


Message History

The two-headed ogre hits you with a +0 giant spiked club!! x2
* * * LOW HITPOINT WARNING * * *
The two-headed ogre hits you but does no damage. x2
There is an open door here.
Okay, then.
Okay, then.
The two-headed ogre hits you with a +0 giant spiked club!!
* * * LOW HITPOINT WARNING * * *
You block the two-headed ogre's attack.
You feel much better.
You feel much better.
The seven-headed hydra closely misses you.
You block the seven-headed hydra's attack.
The seven-headed hydra bites you!
The seven-headed hydra barely misses you.
You block the seven-headed hydra's attack.
The seven-headed hydra bites you but does no damage. x2
The two-headed ogre closely misses you.
The two-headed ogre hits you with a +0 giant spiked club!
* * * LOW HITPOINT WARNING * * *
The seven-headed hydra bites you but does no damage.
The seven-headed hydra bites you.
* * * LOW HITPOINT WARNING * * *
The seven-headed hydra bites you but does no damage.
The seven-headed hydra bites you!
* * * LOW HITPOINT WARNING * * *
The seven-headed hydra barely misses you.
The seven-headed hydra bites you.
* * * LOW HITPOINT WARNING * * *
The seven-headed hydra bites you.
* * * LOW HITPOINT WARNING * * *
As you read the scroll of fear, it crumbles to dust.
You assume a fearsome visage.
The two-headed ogre looks frightened!
The howler monkey zombie is unaffected.
The seven-headed hydra resists with some effort.
The seven-headed hydra bites you but does no damage.
The seven-headed hydra closely misses you.
The seven-headed hydra barely misses you.
The seven-headed hydra bites you.
You die...

.####
###........#......#
..#.####..#......#
..#...##..#......#
........'..'......#
.........#..#......# #
#######.###..#......#
...######O###..#......#
........Z..#...#......#
.......@D..'...#......#
#+#####...###'##......#
###+#.Z..........
#.......... #..........
#.......... +..........
#.......... #....######


You could see a seven-headed hydra, a two-headed ogre (fleeing) and a howler
monkey zombie.

Vanquished Creatures
  A boulder beetle (D:6)
  The ghost of Leeroy the Grappler, a novice VSTm of Wu Jian (D:5)
  2 black bears
  2 orc warriors (D:7)
  An ice beast (D:7)
  A necrophage (D:6)
  An ogre (D:4)
  A sky beast (D:6)
  A centaur (D:5)
  4 phantoms
  2 kobold brigands
  A bullfrog (D:7)
  A scorpion (D:5)
  A wyvern skeleton (D:6)
  A water moccasin zombie (D:6)
  14 killer bees
  3 orc priests
  3 jellies
  3 centaur skeletons (D:7)
  A centaur zombie (D:8)
  3 iguanas
  Natasha (thrice) (D:2)
  4 orc wizards
  A killer bee zombie (D:8)
  A howler monkey zombie (D:6)
  Robin (D:3)
  4 gnolls
  4 adders
  3 ufetubi
  An adder skeleton (D:4)
  2 worms (D:2)
  A dart slug (D:3)
  22 orcs
  4 ball pythons
  5 endoplasms
  4 giant cockroaches (D:5)
  10 goblins
  5 hobgoblins
  3 jackals
  14 kobolds
  8 quokkas
  5 bats
  4 frilled lizards
  9 rats
166 creatures vanquished.

Notes
Turn   | Place    | Note
-------+----------+-------------------------------------------
     0 | D:1      | cheechan the Naga Fighter began the quest for the Orb.
     0 | D:1      | Reached XP level 1. HP: 21/21 MP: 1/1
   563 | D:2      | Reached XP level 2. HP: 16/28 MP: 2/2
   801 | D:2      | Noticed Natasha
   802 | D:2      | Noticed a crimson imp
   804 | D:2      | Reached XP level 3. HP: 34/34 MP: 3/3
   805 | D:2      | Killed Natasha
   902 | D:2      | Reached XP level 4. HP: 42/42 MP: 4/4
  1063 | D:2      | Noticed Natasha
  1075 | D:2      | Killed Natasha
  1678 | D:2      | Reached XP level 5. HP: 21/49 MP: 5/5
  2024 | D:2      | Noticed Natasha
  2029 | D:2      | Killed Natasha
  2202 | D:3      | Noticed Robin
  2219 | D:3      | Killed Robin
  2461 | D:3      | Reached XP level 6. HP: 36/57 MP: 6/6
  2858 | D:3      | Gained mutation: You have an increased reservoir of magic.
                  | (+10% MP) [potion of mutation]
  2858 | D:3      | Gained mutation: You passively map a small area around you.
                  | [potion of mutation]
  2858 | D:3      | Gained mutation: Your movements are slightly less
                  | encumbered by armour. (ER -2) [potion of mutation]
  3020 | D:3      | Reached skill level 1 in Polearms
  3483 | D:4      | Found Cajo Cut's Armour Shop.
  3608 | D:4      | Found a glowing silver altar of Zin.
  3622 | D:4      | Noticed a black bear
  3634 | D:4      | Killed a black bear
  3688 | D:4      | Lost mutation: You have an increased reservoir of magic.
                  | (+10% MP) [potion of mutation]
  3688 | D:4      | Gained mutation: You are partially covered in iridescent
                  | scales. (AC +2) [potion of mutation]
  3688 | D:4      | Gained mutation: Your tail ends in a venomous barb. [potion
                  | of mutation]
  3729 | D:4      | Found a shadowy altar of Dithmenos.
  4142 | D:4      | Reached skill level 1 in Stealth
  4142 | D:4      | Reached XP level 7. HP: 59/66 MP: 7/7
  4145 | D:4      | Learned a level 2 spell: Passwall
  4328 | D:5      | Entered Level 5 of the Dungeon
  4359 | D:5      | Found a glowing drain.
  4374 | Sewer    | Entered a sewer
  4550 | Sewer    | Reached skill level 1 in Dodging
  4575 | Sewer    | Found a white marble altar of Elyvilon.
  4939 | D:5      | Found a runed translucent gate.
  4939 | D:5      | Found a runed translucent gate.
  4940 | D:5      | Found a runed translucent gate.
  5051 | D:5      | Reached XP level 8. HP: 42/73 MP: 8/8
  5112 | D:5      | Found a sparkling altar of Nemelex Xobeh.
  5156 | D:5      | Lost mutation: You are partially covered in iridescent
                  | scales. (AC +2) [potion of mutation]
  5156 | D:5      | Lost mutation: Your tail ends in a venomous barb. [potion
                  | of mutation]
  5156 | D:5      | Lost mutation: You passively map a small area around you.
                  | [potion of mutation]
  5156 | D:5      | Lost mutation: Your movements are slightly less encumbered
                  | by armour. (ER -2) [potion of mutation]
  5156 | D:5      | Gained mutation: Your muscles are strong. (Str +2) [potion
                  | of mutation]
  5157 | D:5      | Lost mutation: Your muscles are strong. (Str +2) [potion of
                  | mutation]
  5157 | D:5      | Gained mutation: You tend to lose your temper in combat.
                  | [potion of mutation]
  5157 | D:5      | Gained mutation: Your movements are slightly less
                  | encumbered by armour. (ER -2) [potion of mutation]
  5157 | D:5      | Gained mutation: You sometimes lose the ability to read
                  | scrolls when taking damage. [potion of mutation]
  5157 | D:5      | Gained mutation: You are robust. (+10% HP) [potion of
                  | mutation]
  5383 | D:5      | Reached skill level 5 in Fighting
  5435 | D:5      | Reached skill level 5 in Armour
  5687 | D:5      | Noticed Leeroy's ghost (novice VSTm)
  5743 | D:5      | Killed Leeroy's ghost
  5744 | D:5      | Reached skill level 5 in Polearms
  6029 | D:6      | Reached skill level 1 in Maces & Flails
  6029 | D:6      | Reached XP level 9. HP: 27/89 MP: 9/9
  6330 | D:6      | Found a hazy altar of Hepliaklqana.
  6335 | D:6      | Found a sacrificial altar of Ru.
  6335 | D:6      | Found an ornate altar of the Wu Jian Council.
  6338 | D:6      | Found a basalt altar of Yredelemnul.
  6570 | D:6      | Noticed a boulder beetle
  6592 | D:6      | Killed a boulder beetle
  7302 | D:6      | Found a staircase to the Ecumenical Temple.
  7314 | Temple   | Entered the Ecumenical Temple
  7461 | Temple   | Became a worshipper of Warmaster Okawaru
  7506 | D:7      | Noticed an angel
  7506 | D:7      | Found an opulent altar of Gozag.
  7541 | D:7      | Found Eklywea's Hallowed Reliquary.
  7551 | D:7      | Bought a potion of heal wounds for 55 gold pieces
  7551 | D:7      | Bought a potion of curing for 33 gold pieces
  7933 | D:7      | Found a glowing golden altar of the Shining One.
  7973 | D:7      | Reached XP level 10. HP: 63/100 MP: 10/10
  8117 | D:7      | Reached skill level 5 in Maces & Flails
  8438 | D:7      | Reached * piety under Okawaru
  8934 | D:8      | Found Pobry's Armour Shop.
  8938 | D:8      | Found Ised's Jewellery Emporium.
  8968 | D:8      | Lost mutation: You sometimes lose the ability to read
                  | scrolls when taking damage. [potion of mutation]
  8968 | D:8      | Lost mutation: You are robust. (+10% HP) [potion of
                  | mutation]
  8968 | D:8      | Gained mutation: You are frail. (-10% HP) [potion of
                  | mutation]
  8968 | D:8      | Gained mutation: You have hidden genetic defects. [potion
                  | of mutation]
  8968 | D:8      | Gained mutation: Your tail ends in a venomous barb. [potion
                  | of mutation]
  8968 | D:8      | Lost mutation: You are frail. (-10% HP) [potion of
                  | mutation]
  9005 | D:8      | Noticed a two-headed ogre
  9005 | D:8      | Noticed a seven-headed hydra
  9013 | D:8      | HP: 2/91 [two-headed ogre (18)]
  9017 | D:8      | Slain by a seven-headed hydra

Illustrated notes

Levels and vault maps discovered:
D:1:      shiori_arrival_elements, layout_rooms
D:2:      layout_loops_ring, minivault_11, chequers_hall_statues_corner_a,
          uniq_natasha
D:3:      layout_basic, uniq_robin
D:4:      layout_basic, zin_treasury, lemuel_coloured_pillars_altar,
          serial_shops, nicolae_shop_statue_plus, minmay_strange_pillars
D:5:      layout_cave_pods, mainiacjoe_overflow_concentric_impassable,
          biasface_ghost_orc_armoury, gup_sewer_entry_pipe, hex_medium,
          corexii_leaking_fountain, fountainhead
D:6:      layout_basic, grunt_temple_overflow_open,
          minmay_temple_entry_drinking_statues
D:7:      layout_basic, kennysheep_little_box, nicolae_gozag_seed_capital,
          nicolae_good_shop
D:8:      layout_gridville, serial_shops, nicolae_square_shop, shop,
          nicolae_shop_window_shopping, shop_statue, dk_vineyard_3,
          minmay_crossroads
Temple:   nicolae_temple_figure_eight

Skill      XL: |  1  2  3  4  5  6  7  8  9 10 |
---------------+-------------------------------+-----
Armour         | 3 4 5 6 |  6.5
Axes           | 3 |  3.7
Fighting       | 4 5 6 |  6.2
Shields        | 3 4 |  4.8
Polearms       | 2 3 5 |  5.7
Stealth        | 1 3 |  3.7
Dodging        | 1 2 |  2.9
Maces & Flails | 1 4 5 |  5.2

Action                   |  1- 3 |  4- 6 |  7- 9 | 10-12 || total
-------------------------+-------+-------+-------+-------++-------
Melee: War axe           |    54 |    50 |       |       ||   104
       Spear             |       |   117 |   108 |       ||   225
       Whip              |       |       |   162 |    62 ||   224
 Abil: Spit Poison       |     3 |    13 |    18 |     3 ||    37
  Use: Scroll            |     5 |     8 |     8 |     2 ||    23
       Potion            |       |     3 |     4 |     4 ||    11
 Stab: Invisible         |       |       |     2 |       ||     2
Armor: Scale mail        |    24 |    83 |   104 |    36 ||   247
Dodge: Dodged            |    20 |    84 |    81 |    31 ||   216
Block: Buckler           |    15 |    35 |    84 |    24 ||   158

Table legend: (Time is in decaauts)
 A = Elapsed time spent in this place.
 B = Non-inter-level travel time spent in this place.
 C = Inter-level travel time spent in this place.
 D = Time resting spent in this place.
 E = Time spent auto-exploring this place.
 F = Levels seen in this place.
 G = Mean time per level.
                   A        B        C        D        E       F      G
               +--------+--------+--------+--------+--------+-----+--------+
         Total |  11726 |  11726 |      0 |   1676 |      0 |  10 | 1172.6 |
       Dungeon |  11071 |  11071 |      0 |   1570 |      0 |   8 | 1383.9 |
        Temple |    211 |    211 |      0 |      0 |      0 |   1 |  211.0 |
         Sewer |    443 |    443 |      0 |    106 |      0 |   1 |  443.0 |
               +--------+--------+--------+--------+--------+-----+--------+

Top non-repeatable levels by time:
     D:3: 2293 daAuts
     D:6: 1793 daAuts
     D:5: 1699 daAuts
     D:7: 1646 daAuts
     D:2: 1451 daAuts
     D:4: 1168 daAuts
     D:1: 762 daAuts
   Sewer: 443 daAuts
     D:8: 256 daAuts
  Temple: 211 daAuts
